 Dungeon Crawl Stone Soup version 0.23.2-1-ga50397a (webtiles) character file.

Game seed: 13596626824971370278

28 diana the Skirmisher (level 3, 30/30 HPs)
             Began as a Demonspawn Abyssal Knight on Apr 26, 2019.
             Was an Initiate of Lugonu.
             Quit the game on level 1 of the Dungeon.
             The game lasted 00:01:26 (590 turns).

diana the Skirmisher (Demonspawn Abyssal Knight)     Turns: 590, Time: 00:01:27

Health: 30/30      AC:  3    Str: 13    XL:     3   Next: 0%
Magic:  4/4        EV: 11    Int: 13    God:    Lugonu [......]
Gold:   10         SH:  0    Dex: 12    Spells: 2/2 levels left

rFire    . . .     SeeInvis .   a - +1 falchion
rCold    . . .     Gourm    .   (no shield)
rNeg     . . .     Faith    .   b - +0 leather armour
rPois    .         Spirit   .   (helmet restricted)
rElec    .         Reflect  .   (no cloak)
rCorr    .         Harm     .   (no gloves)
MR       .....                  (no boots)
Stlth    +.........             (no amulet)
HPRegen  0.10/turn              (no ring)
MPRegen  0.09/turn              (no ring)

@: no status effects
A: horns 1, rot immunity
a: Renounce Religion


You were on level 1 of the Dungeon.
You worshipped Lugonu.
Lugonu was noncommittal.
You were not hungry.

You visited 1 branch of the dungeon, and saw 1 of its levels.
You visited the Abyss 1 time.

You collected 10 gold pieces.

Inventory:

Hand Weapons
 a - a +1 falchion (weapon)
Armour
 b - a +0 leather armour (worn)
Jewellery
 d - an uncursed ring of protection from cold {unknown}
Scrolls
 f - 6 scrolls of identify {unknown}
 g - a scroll of enchant weapon {unknown}
 i - a scroll of remove curse {unknown}
 j - a scroll of amnesia {unknown}
Potions
 e - 2 potions of curing {unknown}
 h - a potion of haste {unknown}
Comestibles
 c - 5 rations


   Skills:
 + Level 3.8 Fighting
 + Level 2.0 Long Blades
 + Level 2.0 Armour
 + Level 0.8 Dodging
 + Level 2.6 Invocations


You had 2 spell levels left.
You didn't know any spells.
Your spell library was empty.

Dungeon Overview and Level Annotations

Branches:
Dungeon (1/15)

Altars:


Innate Abilities, Weirdness & Mutations

You have a pair of small horns on your head.
You are immune to rotting.


Message History

The rat closely misses you.
There is an open door here.
You barely miss the rat.
The rat bites you but does no damage. x2
A rat is nearby!
You hit the rat.
You kill the rat!
Lugonu accepts your kill.
You have reached level 3!
Your experience leads to an increase in your attributes!
Increase (S)trength, (I)ntelligence, or (D)exterity?
You feel stronger.
Your demonic ancestry asserts itself...
A pair of horns grows on your head!
No target in view!
You open the door.
A rat comes into view.
There is an open door here.
Welcome back, diana the Demonspawn Abyssal Knight.
Lugonu says: Spread carnage and corruption!
Press ? for a list of commands and other information.
Are you sure you want to abandon this character and quit the game? (Confirm with "yes".)

...###.#####..........#..........
...†.....# ##.#...#..###.........
.#####.#.# ..........##.....####
## ..#... #.#####.........### .##
#..........#)..##....### #.
....#.........##....... ..
.......#.##...#....... ..
#####.#..............
#r@..>.............
###..........####.#
#.'......###..###.. ###..#####
##...... #.'.## ######. ###.# ##
+.# #.# +.#


You could see a rat (sleeping).

Vanquished Creatures
  2 ufetubi (Abyss:1)
  4 bats (D:1)
  A giant cockroach (D:1)
  2 goblins (D:1)
  A hobgoblin (D:1)
  2 jackals (D:1)
  A frilled lizard (D:1)
  6 rats (D:1)
19 creatures vanquished.

Notes
Turn   | Place    | Note
-------+----------+-------------------------------------------
     0 | Abyss:1  | diana the Demonspawn Abyssal Knight began the quest for the
                  | Orb.
     0 | Abyss:1  | Reached XP level 1. HP: 18/18 MP: 2/2
    36 | Abyss:1  | Gained mutation: You are immune to rotting. [demonic
                  | ancestry]
    36 | Abyss:1  | Reached XP level 2. HP: 4/24 MP: 3/3
    59 | Abyss:1  | Noticed a spatial maelstrom
    64 | Abyss:1  | Noticed a spatial vortex
    65 | Abyss:1  | Noticed a spatial vortex
    65 | Abyss:1  | Noticed a spatial vortex
    68 | D:1      | Escaped the Abyss
   429 | D:1      | Reached * piety under Lugonu
   586 | D:1      | Gained mutation: You have a pair of small horns on your
                  | head. [demonic ancestry]
   586 | D:1      | Reached XP level 3. HP: 30/30 MP: 4/4
   590 | D:1      | Quit the game

Skill      XL: |  1  2 |
---------------+-------+-----
Armour         | 2 |  2.0
Long Blades    | 2 |  2.0
Fighting       | |  3.8
Dodging        | |  0.8
Invocations    | |  2.6

Action                   || total
-------------------------++-------
Melee: Falchion          ||    37
Invok: Depart the Abyss  ||     1
Armor: Leather armour    ||    15
Dodge: Dodged            ||    40
       Rpst.: Falchion   ||    12
